 Dungeon Crawl Stone Soup version 0.26-a0-683-g5206c1d7ac (webtiles) character file.

Game seed: 11018984447978381608

12809 grandjackal the Purifying Hill Orc (level 11, -1/145 HPs)
             Began as a Hill Orc Fire Elementalist on Oct 23, 2020.
             Was a High Priest of Elyvilon.
             Succumbed to an orc warrior's poison
             ... on level 1 of the Orcish Mines.
             The game lasted 00:26:01 (17202 turns).

grandjackal the Purifying Hill Orc (HOFE)          Turns: 17202, Time: 00:26:02

Health: -1/145     AC: 25    Str: 12    XL:     11   Next: 99%
Magic:  15/18      EV:  2    Int: 18    God:    Elyvilon [*****.]
Gold:   1010       SH:  0    Dex: 17    Spells: 2/15 levels left

rFire    . . .     SeeInvis .   r - +1 war axe (vorpal)
rCold    . . .     Faith    .   (no shield)
rNeg     + + +     Spirit   .   (armour currently unavailable)
rPois    +         Reflect  .   (helmet currently unavailable)
rElec    .         Harm     .   (cloak currently unavailable)
rCorr    .         Rampage  .   (gloves currently unavailable)
MR       .....     NoTele   +   (boots currently unavailable)
Stlth    ++........             A - amulet of the acrobat
HPRegen  0.34/turn              p - +4 ring of slaying
MPRegen  0.16/turn              q - +6 ring of dexterity

@: mighty, lethally poisoned (-1 -> -32), tree-form, berserk cooldown, acrobat,
slowed, very slow
A: no striking features
a: Lesser Healing, Heal Other, Purification, Greater Healing, Divine Vigour,
Divine Protection, Renounce Religion


You were on level 1 of the Orcish Mines.
You worshipped Elyvilon.
Elyvilon was extremely pleased with you.
You were a tree.
You visited 2 branches of the dungeon, and saw 14 of its levels.

You collected 1281 gold pieces.
You spent 271 gold pieces at shops.

Inventory:

Hand Weapons
 r - a +1 vorpal war axe (weapon)
 u - a +2 vorpal flail
 H - a +3 war axe
Missiles
 y - 2 throwing nets (quivered)
Armour
 e - a +0 ring mail (melded)
 t - a +0 cloak (melded)
 v - a +2 chain mail of positive energy
 D - a +1 pair of gloves (melded)
 P - a +0 plate armour of fire resistance
Jewellery
 i - an uncursed ring of fire {unknown}
 p - a +4 ring of slaying (left branch)
 q - a +6 ring of dexterity (right branch)
 A - an amulet of the acrobat (around neck)
 C - an uncursed ring of protection from fire {unknown}
 R - an uncursed ring of stealth
Wands
 c - a wand of paralysis (6)
 n - a wand of flame (39)
 w - a wand of acid (6)
 J - a wand of iceblast (16)
 L - a wand of polymorph (12)
Scrolls
 f - a scroll of immolation {unknown}
 g - a scroll of enchant armour {unknown}
 k - 6 scrolls of remove curse
 m - 2 scrolls of magic mapping {unknown}
 o - 2 scrolls of noise {unknown}
 s - 2 scrolls of fear {unknown}
 x - 9 scrolls of teleportation
 z - a scroll of blinking {unknown}
 E - a scroll of amnesia
 G - a scroll of brand weapon {unknown}
 I - a scroll of enchant weapon {unknown}
 N - a scroll of fog {unknown}
 O - a scroll of vulnerability {unknown}
 Q - a scroll of silence {unknown}
Potions
 b - 2 potions of invisibility
 d - 2 potions of brilliance
 h - a potion of ambrosia
 j - 3 potions of flight
 l - 3 potions of haste
 B - a potion of magic
 F - 2 potions of mutation


   Skills:
 + Level 9.6 Fighting
 + Level 9.5 Axes
 + Level 7.5 Armour
 - Level 1.5 Dodging
 - Level 1.5 Stealth
 - Level 2.5 Spellcasting
 + Level 8.0 Conjurations
 + Level 9.4 Fire Magic
 + Level 9.7 Invocations


You had 2 spell levels left.
You knew the following spells:

 Your Spells              Type           Power        Failure   Level
a - Foxfire               Conj/Fire      ####         1%          1
b - Conjure Flame         Conj/Fire      ####....     1%          3
c - Sticky Flame          Conj/Fire      ####....     4%          4
d - Fireball              Conj/Fire      ####......   13%         5

Your spell library contained the following spells:

 Spells                   Type           Power        Failure   Level
 Magic Dart               Conj           ####         1%          1
 Animate Skeleton         Necr           #.....       17%         1
 Apportation              Tloc           #.....       17%         1
 Corona                   Hex            #......      17%         1
 Summon Small Mammal      Summ           #...         17%         1
 Blink                    Tloc           N/A          26%         2
 Call Imp                 Summ           #.......     26%         2
 Ensorcelled Hibernation  Hex/Ice        #.....       26%         2
 Slow                     Hex            #.......     26%         2
 Inner Flame              Hex/Fire       ###.....     8%          3
 Dazzling Flash           Conj/Hex       ###...       10%         3
 Mephitic Cloud           Conj/Pois/Air  ##......     17%         3
 Confusing Touch          Hex            #.......     45%         3
 Tukima's Dance           Hex            #.......     45%         3
 Cause Fear               Hex            #.........   86%         4
 Silence                  Hex/Air        #.........   99%         5
 Yara's Violent Unravell  Hex/Tmut       #.........   99%         5
 Discord                  Hex            #.........   100%        8


Dungeon Overview and Level Annotations

Branches:
Dungeon (12/15)            Temple (0/1) D:7            Lair (0/6) D:10
    Orc (2/2) D:11
    Elf: Orc:2

Altars:
Cheibriados
Elyvilon
Gozag
Kikubaaqudgha
Makhleb
Nemelex Xobeh
Okawaru
Qazlal
Sif Muna
Trog
Xom
Yredelemnul

Shops:
D:6 *   D:11 (:[(

Annotations:
D:2 Sigmund


Message History

You feel very sick.
It was a potion of berserk rage.
A red film seems to cover your vision as you go berserk!
You feel yourself moving faster!
You feel mighty!
* * * LOW HITPOINT WARNING * * *
You feel very sick.
Unknown command.
You feel a strong urge to attack something.
* * * LOW HITPOINT WARNING * * *
You feel sick.
* * * LOW HITPOINT WARNING * * *
You feel very sick.
You feel your anger nearly subside.
You are no longer berserk.
You are exhausted.
You feel yourself slow down.
* * * LOW HITPOINT WARNING * * *
You feel sick.
* * * LOW HITPOINT WARNING * * *
You feel very sick.
You die...

##.##................#......
#...........#.#..#..#.......
##.#.......#................
####..............#........
##...).##..............>
#................#......
##.....)................#
##......))[...............
#.......<♣).......#......#
##..#..#[[#..###.####.####
############# ### ###


There were no monsters in sight!

Vanquished Creatures
  A centaur warrior (D:11)
  Psyche (D:8)
  Maurice (D:8)
  Joseph (D:7)
  2 trolls
  A hornet (D:9)
  3 wraiths (D:7)
  21 yaks
  Duvessa (D:6)
  3 wargs
  12 orc warriors
  A sky beast (D:8)
  2 ice beasts
  2 black bears
  3 necrophages
  4 phantoms
  11 ogres
  5 centaurs
  A big kobold (D:7)
  11 bullfrogs
  A wyvern zombie (D:11)
  Dowan (D:6)
  2 scorpions
  9 wights (D:6)
  2 howler monkeys
  A quasit (D:8)
  4 hounds
  A jelly (D:10)
  2 centaur skeletons
  7 orc priests
  16 orc wizards
  4 worker ants
  An iguana (D:11)
  A hound zombie (D:7)
  A worker ant zombie (D:6)
  7 gnolls
  7 adders
  2 shadow imps
  3 white imps
  5 ufetubi
  An ooze (D:3)
  An adder skeleton (D:4)
  A worm (D:6)
  3 dart slugs
  7 leopard geckos
  62 orcs
  A ball python (D:4)
  5 giant cockroaches
  5 goblins
  5 hobgoblins
  20 jackals
  3 quokkas
  3 bats
  6 frilled lizards
  9 kobolds
  A leopard gecko skeleton (D:4)
  2 quokka skeletons (D:9)
  8 rats
307 creatures vanquished.

Vanquished Creatures (others)
  383 foxfires
  A withered plant (D:7)
384 creatures vanquished.

Grand Total: 691 creatures vanquished

Notes
Turn   | Place    | Note
-------+----------+-------------------------------------------
     0 | D:1      | grandjackal the Hill Orc Fire Elementalist began the quest
                  | for the Orb.
     0 | D:1      | Reached XP level 1. HP: 14/14 MP: 3/3
   158 | D:1      | Reached XP level 2. HP: 22/22 MP: 2/4
   428 | D:1      | Reached skill level 1 in Fighting
   960 | D:2      | Reached XP level 3. HP: 28/28 MP: 2/5
   995 | D:2      | Learned a level 3 spell: Conjure Flame
   998 | D:2      | Noticed an ogre
  1010 | D:2      | Killed an ogre
  1010 | D:2      | Reached XP level 4. HP: 36/36 MP: 1/7
  1095 | D:2      | Found an opulent altar of Gozag.
  1146 | D:2      | Reached XP level 5. HP: 42/42 MP: 4/8
  1244 | D:2      | Found an iron altar of Okawaru.
  1389 | D:2      | Found a shimmering blue altar of Sif Muna.
  2300 | D:2      | Noticed Sigmund
  2365 | D:1      | Learned a level 4 spell: Sticky Flame
  2882 | D:3      | Found a white marble altar of Elyvilon.
  2983 | D:3      | Found a shimmering altar of Xom.
  3111 | D:3      | Reached XP level 6. HP: 45/51 MP: 9/9
  3246 | D:3      | Found a snail-covered altar of Cheibriados.
  3349 | D:3      | Reached skill level 1 in Armour
  3588 | D:3      | Became a worshipper of Elyvilon the Healer
  4054 | D:4      | Reached * piety under Elyvilon
  4070 | D:4      | Found a basalt altar of Yredelemnul.
  4265 | D:4      | Reached skill level 1 in Invocations
  4266 | D:4      | Reached skill level 1 in Axes
  5034 | D:5      | Entered Level 5 of the Dungeon
  5038 | D:5      | Reached XP level 7. HP: 55/58 MP: 10/10
  5114 | D:5      | Reached skill level 5 in Fire Magic
  5512 | D:5      | Reached ** piety under Elyvilon
  5526 | D:5      | Found a stormy altar of Qazlal.
  6017 | D:5      | Reached XP level 8. HP: 67/67 MP: 7/11
  6223 | D:6      | Noticed Duvessa
  6223 | D:6      | Noticed Dowan
  6351 | D:6      | Found Onokur's Assorted Antiques.
  6360 | D:6      | Bought a pair of runed gloves for 180 gold pieces
  6360 | D:6      | Bought a scroll labeled BEUDIJEIQYMNI for 24 gold pieces
  6360 | D:6      | Bought 2 smoky emerald potions for 43 gold pieces
  6360 | D:6      | Bought a scroll labeled ONLYEL HEEMA for 24 gold pieces
  6399 | D:6      | Reached skill level 5 in Fighting
  6558 | D:6      | Killed Duvessa
  6737 | D:6      | Killed Dowan
  6904 | D:6      | Reached *** piety under Elyvilon
  7425 | D:6      | Reached skill level 5 in Invocations
  7425 | D:6      | Reached XP level 9. HP: 65/75 MP: 3/12
  7467 | D:6      | Reached skill level 5 in Conjurations
  7648 | D:6      | Reached skill level 5 in Axes
  7971 | D:7      | Learned a level 5 spell: Fireball
  8439 | D:7      | Found a bloodstained altar of Trog.
  8452 | D:7      | Found a staircase to the Ecumenical Temple.
  8526 | D:7      | Found an ancient bone altar of Kikubaaqudgha.
  8954 | D:7      | Noticed Joseph
  8975 | D:7      | Paralysed by Joseph for 2 turns
  8980 | D:7      | Killed Joseph
  9634 | D:7      | Found the +5 scythe "Finisher" {speed, eviscerate}
  9846 | D:8      | Noticed Maurice
  9859 | D:8      | Killed Maurice
 10062 | D:8      | Reached XP level 10. HP: 86/86 MP: 15/15
 10306 | D:8      | Reached **** piety under Elyvilon
 10376 | D:8      | Noticed Psyche
 10388 | D:8      | Killed Psyche
 10388 | D:8      | Reached skill level 5 in Armour
 11071 | D:8      | HP: 2/86 [orc warrior/+0 hand axe (22)]
 11073 | D:8      | Elyvilon protects you from harm!
 11467 | D:9      | Found a sparkling altar of Nemelex Xobeh.
 12354 | D:9      | Found a burning altar of Makhleb.
 12354 | D:9      | Noticed a cacodemon
 12437 | D:10     | Entered Level 10 of the Dungeon
 12475 | D:10     | Reached ***** piety under Elyvilon
 12595 | D:10     | Found a staircase to the Lair.
 13299 | D:11     | Found Cuuxaf's Antique Armour Emporium.
 13301 | D:11     | Found Weuplysch's Weapon Shop.
 13873 | D:11     | Reached XP level 11. HP: 82/94 MP: 12/17
 14421 | D:11     | Found Vipro's Antique Weapon Emporium.
 14523 | D:11     | Found a staircase to the Orcish Mines.
 14742 | D:11     | Noticed a centaur warrior
 14754 | D:11     | Killed a centaur warrior
 16038 | D:11     | Found Guazic's Book Emporium.
 16263 | D:12     | Noticed a boulder beetle
 16263 | D:12     | Noticed a centaur warrior
 16263 | D:12     | Noticed a centaur warrior
 16263 | D:12     | Noticed a deep elf knight
 16305 | Orc:1    | Entered Level 1 of the Orcish Mines
 16865 | Orc:2    | Entered Level 2 of the Orcish Mines
 16865 | Orc:2    | Noticed an orc high priest
 17201 | Orc:1    | HP: 4/145 [poisoned by an orc warrior]
 17202 | Orc:1    | Succumbed to an orc warrior's poison

Illustrated notes

Levels and vault maps discovered:
D:1:      scummos_arrival_simple_fountains, layout_loops_ring,
          chequers_serial_rivers_small_a
D:2:      layout_basic, overflow_temple_1_default, nicolae_gozag_seed_capital,
          lemuel_blue_sif_altar, mrwooster_statue_mirror, uniq_sigmund
D:3:      layout_loops_ring, overflow_temple_1_default, kennysheep_slug_shrine,
          minmay_misc_feat_x, elyvilon_altar_1
D:4:      layout_gridville, old_standard_altar
D:5:      layout_cave_pools, nicolae_overflow_crystal_walls
D:6:      layout_loops_ring, serial_shops, shop, minivault_19,
          lightli_corner_chamber, uniq_duvessa
D:7:      layout_basic, kiku_gazebo_garden_becter, lightli_temple_of_fire,
          minmay_temple_entry_sparse_star, grunt_ministairs_1,
          chequers_serial_rivers_small_b, minmay_guarded_unrand_finisher,
          uniq_joseph
D:8:      layout_loops_ring, minmay_orc_keep, uniq_maurice, uniq_psyche
D:9:      layout_roguey, makhleb_altar_promises_db,
          nemelex_xobeh_ov_fountains_minmay
D:10:     layout_irregular_city, lair_entry_dummy, minmay_misc_feat_roman
D:11:     layout_cave_pods, erik_orc_3, serial_shops, nicolae_shop_statue_plus,
          nicolae_shop_behind_doors, kennysheep_mini_moat, shop,
          minmay_misc_feat_alley
D:12:     minmay_ambush_box, layout_loops_ring, serial_shops, shop
Orc:1:    layout_caves, guppyfry_library_mini
Orc:2:    st_orc_pillars, layout_caves, basic_altar

Skill      XL: |  1  2  3  4  5  6  7  8  9 10 11 |
---------------+----------------------------------+-----
Fighting       | 1 2 3 4 5 7 8 9 |  9.6
Spellcasting   | 2 |  2.5
Conjurations   | 2 3 4 5 7 8 |  8.0
Fire Magic     | 4 5 6 7 8 9 |  9.4
Armour         | 1 3 4 6 7 |  7.5
Invocations    | 1 3 5 6 8 9 |  9.7
Axes           | 1 3 4 6 8 9 |  9.5
Dodging        | |  1.5
Stealth        | |  1.5

Action                   |  1- 3 |  4- 6 |  7- 9 | 10-12 || total
-------------------------+-------+-------+-------+-------++-------
Melee: Unarmed           |     9 |       |       |       ||     9
       Dagger            |    58 |   154 |       |       ||   212
       War axe           |       |    29 |   121 |   295 ||   445
 Cast: Foxfire           |    18 |    68 |    81 |    51 ||   218
       Sticky Flame      |       |       |    16 |    40 ||    56
       Fireball          |       |       |       |     4 ||     4
       Conjure Flame     |       |       |       |     3 ||     3
Evoke: Wand              |       |       |     1 |     5 ||     6
  Use: Scroll            |     2 |     3 |     5 |     4 ||    14
       Potion            |       |       |     1 |     3 ||     4
 Stab: Sleeping          |     3 |     2 |     4 |     4 ||    13
       Distracted        |       |       |     1 |       ||     1
       Paralysed         |       |       |     5 |       ||     5
Armor: Robe              |    26 |    48 |    31 |    16 ||   121
       Ring mail         |       |       |       |   123 ||   123
Dodge: Dodged            |    65 |   118 |   115 |   222 ||   520

Table legend: (Time is in decaauts)
 A = Elapsed time spent in this place.
 B = Non-inter-level travel time spent in this place.
 C = Inter-level travel time spent in this place.
 D = Time resting spent in this place.
 E = Time spent auto-exploring this place.
 F = Levels seen in this place.
 G = Mean time per level.
                   A        B        C        D        E       F      G
               +--------+--------+--------+--------+--------+-----+--------+
         Total |  17354 |  16960 |    394 |   6520 |   7598 |  14 | 1239.6 |
       Dungeon |  16454 |  16069 |    385 |   6162 |   7261 |  12 | 1371.2 |
  Orcish Mines |    899 |    890 |      9 |    358 |    337 |   2 |  449.5 |
               +--------+--------+--------+--------+--------+-----+--------+

Top non-repeatable levels by time:
    D:11: 2379 daAuts
     D:7: 1945 daAuts
     D:8: 1646 daAuts
     D:2: 1587 daAuts
     D:5: 1506 daAuts
    D:10: 1498 daAuts
     D:6: 1449 daAuts
     D:3: 1241 daAuts
     D:4: 1215 daAuts
     D:1: 1003 daAuts
     D:9: 975 daAuts
   Orc:1: 890 daAuts
   Orc:2: 9 daAuts
    D:12: 5 daAuts
